 Dungeon Crawl Stone Soup version 0.27-a0-765-ge4d627daa3 (webtiles) character file.

Game seed: 7251632755034636721

3156 srzhan31 the Thaumaturge (level 9, 0/55 HPs)
             Began as a Djinni Conjurer on Mar 25, 2021.
             Slain by a water moccasin zombie (4 damage)
             ... in an ossuary.
             The game lasted 00:24:29 (8408 turns).

srzhan31 the Thaumaturge (Djinni Conjurer)          Turns: 8408, Time: 00:24:32

Health: 0/55       AC:  4    Str: 14    XL:     9   Next: 93%
Gold:   306        EV: 16    Int: 23    God:
                   SH:  0    Dex: 23

rFire    + + .     SeeInvis .   E - +6 falchion "Baalocvo" {flame, Str+8 Dex+5}
rCold    x . .     Faith    .   (no shield)
rNeg     . . .     Spirit   .   a - +0 robe
rPois    ∞         Reflect  .   (no helmet)
rElec    .         Harm     .   C - +0 cloak
rCorr    .         Rampage  .   n - +0 pair of gloves
Will     .....                  (boots unavailable)
Stlth    ++........             (no amulet)
HPRegen  0.18/turn              f - +6 ring of dexterity
MPRegen  0.00/turn              h - ring of wizardry

@: flying
A: fire resistance 2, cold vulnerability 1, float, innate caster, hp casting,
extra vitality 1
a: no special abilities


You were in an ossuary.
You visited 2 branches of the dungeon, and saw 7 of its levels.
You also visited: Ossuary.

You collected 306 gold pieces.

Inventory:

Hand Weapons
 d - a +1 dagger of flaming
 j - a +3 dagger
 p - a +2 scythe of venom
 E - the +6 falchion "Baalocvo" (weapon) {flame, Str+8 Dex+5}
   (You found it on level 6 of the Dungeon)

   It has been specially enchanted to burn those struck by it, causing extra
   injury to most foes and up to half again as much damage against particularly
   susceptible opponents.
   Big, fiery blades are also staple armaments of hydra-hunters.
   It affects your strength (+8).
   It affects your dexterity (+5).
Armour
 a - a +0 robe (worn)
 n - a +0 pair of gloves (worn)
 C - a +0 cloak (worn)
Jewellery
 f - a +6 ring of dexterity (right hand)
 h - a ring of wizardry (left hand)
Wands
 o - a wand of digging (6)
 s - a wand of charming (7)
 t - a wand of acid (4)
 y - a wand of random effects (20)
Scrolls
 c - 2 scrolls of fear {unknown}
 e - 2 scrolls of teleportation {unknown}
 g - a scroll of summoning {unknown}
 k - 2 scrolls of fog {unknown}
 m - 2 scrolls of enchant armour {unknown}
 q - a scroll of holy word {unknown}
 v - 3 scrolls of immolation {unknown}
 w - 3 scrolls of identify {unknown}
Potions
 b - 2 potions of lignification {unknown}
 i - 4 potions of curing {unknown}
 l - a potion of degeneration {unknown}
 r - 2 potions of might {unknown}
 u - a potion of ambrosia {unknown}
 x - 2 potions of haste {unknown}
 z - 2 potions of mutation {unknown}
 A - 2 potions of invisibility {unknown}
 B - a potion of heal wounds {unknown}
 D - a potion of berserk rage {unknown}


   Skills:
 * Level 4.9 Armour
 * Level 6.0 Dodging
 - Level 1.6 Stealth
 * Level 5.1 Shields
 + Level 9.3 Spellcasting


You had 3 spell levels left.
You knew the following spells:

 Your Spells              Type           Power      Damage    Failure   Level
a - Magic Dart            Conj           100%       1d8       1%          1
b - Searing Ray           Conj           100%       3d7       1%          2
c - Dazzling Flash        Conj/Hex       100%       N/A       1%          3
d - Fulminant Prism       Conj/Hex       26%        3d14      1%          4
e - Iskenderun's Mystic   Conj/Tloc      52%        2d11      1%          4
f - Summon Small Mammal   Summ           100%       N/A       1%          1
g - Ensorcelled Hibernat  Hex/Ice        100%       N/A       1%          2
h - Summon Guardian Gole  Hex/Summ       52%        N/A       1%          3
i - Static Discharge      Conj/Air       52%        N/A       1%          3
Your spell library was empty.

Dungeon Overview and Level Annotations

Branches:
Dungeon (6/15)             Temple (1/1) D:5         Ossuary (1/1)

Altars:
Ashenzari
Cheibriados
Dithmenos
Elyvilon
Fedhas
Gozag
Hepliaklqana
Kikubaaqudgha
Nemelex Xobeh
Okawaru
Qazlal
Ru
Sif Muna
Trog
Uskayaw
Vehumet
Wu Jian
Xom
Zin
The Shining One

Shops:
D:6 ?((


Innate Abilities, Weirdness & Mutations

You are immune to poison.
Your flesh is very heat resistant. (rF++)
You are vulnerable to cold. (rC-)
You float through the air rather than walking.
You learn spells naturally, not from books.
Your magical power is your life essence.
You have superior vitality. (+4 HP)


Message History

The centaur zombie barely misses you.
The centaur zombie kicks you but does no damage.
The searing ray hits the centaur zombie!
The centaur zombie is almost destroyed.
* * * LOW HITPOINT WARNING * * *
The centaur zombie closely misses you.
The centaur zombie kicks you but does no damage.
The searing ray hits the centaur zombie!
You destroy the centaur zombie!
* * * LOW HITPOINT WARNING * * *
You finish channeling your searing ray.
A water moccasin zombie comes into view.
The water moccasin zombie moves out of view.
A water moccasin zombie is nearby!
Casting: Searing Ray (safe; 1% risk of failure)
Confirm with . or Enter, or press ? or * to list all spells.
You erupt in a blast of force!
The mystic blast hits the water moccasin zombie!
The water moccasin zombie is moderately damaged.
The water moccasin zombie is knocked back by the mystic blast.
* * * LOW HITPOINT WARNING * * *
Aiming: Corrosive Bolt
Press: ? - help, Shift-Dir - straight line, f - water moccasin zombie
Aim: a water moccasin zombie (moderately damaged, 29% to evade)
The bolt of acid misses the water moccasin zombie.
Aiming: Corrosive Bolt
Press: ? - help, Shift-Dir - straight line, f/p - water moccasin zombie
Aim: a water moccasin zombie (moderately damaged, 29% to evade)
The bolt of acid hits the water moccasin zombie!
The water moccasin zombie is splashed with acid.
The acid corrodes the water moccasin zombie!
The water moccasin zombie is heavily damaged.
You closely miss the water moccasin zombie.
The water moccasin zombie is heavily damaged.
The water moccasin zombie barely misses you.
You riposte.
You hit the water moccasin zombie. You burn the water moccasin zombie.
The water moccasin zombie is severely damaged.
The water moccasin zombie bites you.
You die...

≈≈ ##P
#≈#≈ ≈..
##≈≈#####
#.≈≈#..∩#
#≈≈≈Z.∩.#
#..≈#@..#
#≈≈#
##### ≈≈#
≈


You could see a water moccasin zombie (corroded).

Vanquished Creatures
  Sigmund (D:4)
  Menkaure (D:6)
  2 water moccasins (D:6)
  A black bear (D:4)
  2 orc warriors
  4 ogres
  A wyvern zombie (Ossuary)
  3 water moccasin zombies (D:5)
  A scorpion (D:6)
  2 water moccasin skeletons (D:5)
  2 jellies (D:5)
  A howler monkey (D:4)
  10 bullfrog zombies
  6 centaur zombies
  2 hounds
  2 orc priests
  Crazy Yiuf (D:5)
  4 bullfrog skeletons
  3 centaur skeletons (D:5)
  3 mummies (Ossuary)
  Ijyb (D:5)
  Natasha (D:3)
  2 iguanas
  3 orc wizards
  3 worker ants
  2 killer bee zombies
  3 hound zombies (D:5)
  A gnoll (D:1)
  6 worker ant zombies (D:5)
  3 adders
  8 river rats (D:5)
  3 adder skeletons
  An adder zombie (D:5)
  3 dart slugs
  18 orcs
  11 ball pythons
  8 bats
  2 endoplasms (D:4)
  4 giant cockroaches
  2 goblins
  9 hobgoblins
  12 jackals
  7 quokkas
  4 frilled lizards
  3 kobolds
  22 rats
  A fulminant prism (D:5)
195 creatures vanquished.

Vanquished Creatures (collateral kills)
  A rat (D:5)
1 creature vanquished.

Vanquished Creatures (others)
  10 fulminant prisms
  14 plants (D:5)
  8 withered plants
32 creatures vanquished.

Grand Total: 228 creatures vanquished

Notes
Turn   | Place    | Note
-------+----------+-------------------------------------------
     0 | D:1      | srzhan31 the Djinni Conjurer began the quest for the Orb.
     0 | D:1      | Reached XP level 1. HP: 15/15 MP: 0/0
    57 | D:1      | Reached skill level 4 in Spellcasting
    57 | D:1      | Reached XP level 2. HP: 15/21 MP: 0/0
   342 | D:1      | Reached XP level 3. HP: 12/25 MP: 0/0
   342 | D:1      | Learned a level 1 spell: Summon Small Mammal
  1259 | D:2      | Found a faded altar of an unknown god.
  1282 | D:2      | Found a glowing silver altar of Zin.
  1282 | D:2      | Found a hazy altar of Hepliaklqana.
  1820 | D:2      | Reached XP level 4. HP: 27/31 MP: 0/0
  2110 | D:3      | Reached skill level 1 in Shields
  2176 | D:3      | Found a stormy altar of Qazlal.
  2228 | D:3      | Reached skill level 1 in Armour
  2350 | D:3      | Reached XP level 5. HP: 4/35 MP: 0/0
  2350 | D:3      | Learned a level 2 spell: Ensorcelled Hibernation
  3031 | D:3      | Noticed Natasha
  3071 | D:3      | Killed Natasha
  3072 | D:3      | Reached skill level 5 in Spellcasting
  3503 | D:4      | Noticed a black bear
  3508 | D:4      | Killed a black bear
  3509 | D:4      | Reached XP level 6. HP: 25/40 MP: 0/0
  3773 | D:4      | Found a sparkling altar of Nemelex Xobeh.
  3784 | D:4      | Reached XP level 7. HP: 40/45 MP: 0/0
  3784 | D:4      | Learned a level 3 spell: Summon Guardian Golem
  3939 | D:4      | Reached skill level 6 in Spellcasting
  4344 | D:4      | Found a white marble altar of Elyvilon.
  4367 | D:4      | Noticed Sigmund
  4376 | D:4      | Killed Sigmund
  4730 | D:4      | Found an opulent altar of Gozag.
  4788 | D:5      | Entered Level 5 of the Dungeon
  4804 | D:5      | Reached XP level 8. HP: 19/50 MP: 0/0
  5082 | D:5      | Noticed Ijyb
  5090 | D:5      | Killed Ijyb
  5174 | D:5      | Reached skill level 7 in Spellcasting
  6026 | D:5      | Reached skill level 8 in Spellcasting
  6027 | D:5      | Reached XP level 9. HP: 13/55 MP: 0/0
  6027 | D:5      | Learned a level 3 spell: Static Discharge
  6363 | D:5      | Reached skill level 5 in Dodging
  6591 | D:5      | Found a staircase to the Ecumenical Temple.
  6608 | Temple   | Entered the Ecumenical Temple
  6840 | D:5      | Found a runed translucent door.
  6841 | D:5      | Noticed Crazy Yiuf
  7531 | D:5      | Found a sacrificial altar of Ru.
  7667 | D:5      | Killed Crazy Yiuf
  7748 | D:6      | Found Sishis Jualo's Antique Weapon Emporium.
  7950 | D:6      | Found Wyn Neer's Weapon Boutique.
  8011 | D:6      | Found Koogext's Magic Scroll Boutique.
  8014 | D:6      | Reached skill level 9 in Spellcasting
  8210 | D:6      | Noticed Menkaure
  8213 | D:6      | Killed Menkaure
  8232 | D:6      | Identified the +6 falchion "Baalocvo" {flame, Str+8 Dex+5}
  8267 | D:6      | Found a sand-covered staircase.
  8275 | Ossuary  | Entered an ossuary
  8281 | Ossuary  | Reached skill level 5 in Shields
  8408 | Ossuary  | Slain by a water moccasin zombie

Illustrated notes

Levels and vault maps discovered:
D:1:      minmay_arrival_plants_in_alcoves, layout_loops_cross
D:2:      minmay_chambers_of_twos, layout_rooms,
          amethyst_overflow_temple_binary, chequers_ecumenical_altar_simple,
          minivault_4
D:3:      layout_rooms, nicolae_qazlal_scattered_showers, chequers_arboretum,
          minmay_quantized, uniq_natasha
D:4:      layout_cave_pools, kennysheep_mini, lemuel_coloured_pillars_altar,
          nemelex_xobeh_ov_fountains_minmay, hangedman_minor_gate_pass,
          uniq_sigmund
D:5:      lemuel_ratsnest, layout_cave_pods, lemuel_doored_altar,
          minmay_temple_entry_large_hall, serial_undead, serial_undead_a,
          serial_undead_e, serial_undead_a, serial_undead_a, serial_undead_f,
          serial_undead_b, serial_undead_f, serial_undead_b, serial_undead_e,
          serial_undead_f, serial_bayou_pond_c, uniq_crazy_yiuf_cottage,
          uniq_ijyb
D:6:      layout_rooms, serial_shops, shop_statue, shop_statue,
          nicolae_shop_statue_plus, kennysheep_little_box,
          nicolae_shop_waterfront, lightli_ossuary_entry_decrepit_ruins,
          nicolae_sextant, uniq_menkaure
Temple:   dshaligram_water_room_temple
Ossuary:  ossuary_zaba_flooded

Skill      XL: |  1  2  3  4  5  6  7  8  9 |
---------------+----------------------------+-----
Spellcasting   | 4 5 6 8 9 |  9.3
Shields        | 1 2 3 4 5 |  5.1
Armour         | 1 2 3 4 |  4.9
Dodging        | 3 4 6 |  6.0
Stealth        | |  1.6

Action                   |  1- 3 |  4- 6 |  7- 9 || total
-------------------------+-------+-------+-------++-------
Melee: Falchion          |       |       |     1 ||     1
 Cast: Magic Dart        |    34 |    32 |    13 ||    79
       Searing Ray       |    16 |    22 |    86 ||   124
       Iskenderun's Myst |       |     2 |    15 ||    17
       Summon Guardian G |       |       |     4 ||     4
       Fulminant Prism   |       |       |    11 ||    11
       Summon Small Mamm |       |       |     2 ||     2
Evoke: Wand              |       |       |     2 ||     2
Armor: Robe              |     2 |       |     6 ||     8
Dodge: Dodged            |     5 |     3 |    55 ||    63
       Rpst.: Falchion   |       |       |     2 ||     2

Table legend: (Time is in decaauts)
 A = Elapsed time spent in this place.
 B = Non-inter-level travel time spent in this place.
 C = Inter-level travel time spent in this place.
 D = Time resting spent in this place.
 E = Time spent auto-exploring this place.
 F = Levels seen in this place.
 G = Mean time per level.
                   A        B        C        D        E       F      G
               +--------+--------+--------+--------+--------+-----+--------+
         Total |   8404 |   8296 |    108 |      0 |   7012 |   8 | 1050.5 |
       Dungeon |   8165 |   8057 |    108 |      0 |   6847 |   6 | 1360.8 |
        Temple |    106 |    106 |      0 |      0 |     69 |   1 |  106.0 |
       Ossuary |    132 |    132 |      0 |      0 |     96 |   1 |  132.0 |
               +--------+--------+--------+--------+--------+-----+--------+

Top non-repeatable levels by time:
     D:5: 2853 daAuts
     D:3: 1456 daAuts
     D:4: 1301 daAuts
     D:1: 1258 daAuts
     D:2: 768 daAuts
     D:6: 526 daAuts
 Ossuary: 132 daAuts
  Temple: 106 daAuts
